 Dungeon Crawl Stone Soup version 0.29.1-15-g9cfb28693d (console) character file.

Game seed: 2007738881852302663

1 sentinel the Digger (level 1, 13/14 HPs)
             Began as a Meteoran Earth Elementalist on Aug 14, 2023.
             Quit the game on level 1 of the Dungeon.
             The game lasted 00:00:05 (59 turns).

sentinel the Digger (Meteoran Earth Elementalist)     Turns: 59, Time: 00:00:05

Health: 13/14      AC:  2    Str:  9    XL:     1   Next: 28%
Magic:  5/5        EV: 12    Int: 16    God:
Gold:   0          SH:  0    Dex: 14    Spells: 4/5 levels left

rFire   . . .      SeeInvis .   (no weapon)
rCold   . . .      Faith    .   (no shield)
rNeg    . . .      Spirit   .   a - +0 robe
rPois   .          Reflect  .   (no helmet)
rElec   .          Harm     .   (no cloak)
rCorr   .          Rampage  .   (no gloves)
Will    .....                   (no boots)
Stlth   +.........              (no amulet)
HPRegen 0.04/turn               (no ring)
MPRegen 0.09/turn               (no ring)

@: glowing
A: sense surroundings 1, otherworldly, glowing, explore regen
a: no special abilities


You were on level 1 of the Dungeon.
You visited 1 branch of the dungeon, and saw 1 of its levels.

Inventory:

Armour
 a - a +0 robe (worn)
Potions
 b - a potion of magic


   Skills:
 - Level 2.4 Dodging
 - Level 1.4 Stealth
 - Level 2.6 Spellcasting
 - Level 1.2 Transmutations
 + Level 3.7 Earth Magic


You had 4 spell levels left.
You knew the following spells:

 Your Spells              Type           Power      Damage    Failure   Level
a - Sandblast             Erth           28%        2d8       4%          1

Your spell library contained the following spells:

 Spells                   Type           Power      Damage    Failure   Level
 Passwall                 Tmut/Erth      8%         N/A       11%         2
 Stone Arrow              Conj/Erth      16%        3d8       26%         3
 Petrify                  Tmut/Erth      10%        N/A       56%         4


Dungeon Overview and Level Annotations

Branches:
Dungeon (1/15) Zot: 540

Altars:

Annotations:
D:1 2 runed translucent doors


Innate Abilities, Weirdness & Mutations

You passively map a small area around you.
You are easily found by Zot.
You glow in the dark.
You regain HP and MP as you explore.


Message History

Welcome, sentinel the Meteoran Earth Elementalist.
A smirking vizier told you that the Orb of Zot is just within this dungeon.
Press ? for a list of commands and other information.
Found a staircase leading out of the dungeon.
Unknown command.
Unknown command.
Unknown command.
Found 12 gold pieces.
Unknown command.
Found a ring mail.
Unknown command.
A bat comes into view.
The bat moves out of view.
Unknown command.
A bat is nearby!
Unknown command.
But you're not safe!
Unknown command.
The blast of sand hits the bat!
You kill the bat!
No target in view!
You can't see any susceptible monsters within range! (Use Z to cast anyway.) Unknown command.
You can't see any susceptible monsters within range! (Use Z to cast anyway.) Unknown command.
You can't see any susceptible monsters within range! (Use Z to cast anyway.) Unknown command.
You can't see any susceptible monsters within range! (Use Z to cast anyway.) Unknown command.
No target in view!
No target in view!
You can't see any susceptible monsters within range! (Use Z to cast anyway.) Unknown command.
You can't see any susceptible monsters within range! (Use Z to cast anyway.) Unknown command.
You can't see any susceptible monsters within range! (Use Z to cast anyway.) Unknown command.
You can't see any susceptible monsters within range! (Use Z to cast anyway.) Unknown command.
No target in view!
No target in view!
You can't see any susceptible monsters within range! (Use Z to cast anyway.) Unknown command.
You can't see any susceptible monsters within range! (Use Z to cast anyway.) Unknown command.
You can't see any susceptible monsters within range! (Use Z to cast anyway.) Unknown command.
You can't see any susceptible monsters within range! (Use Z to cast anyway.) Unknown command.
Found 8 gold pieces.
Unknown command.
Found 13 gold pieces.
Unknown command.
A hobgoblin and 2 bats come into view.
Found a large runed translucent door.
The hobgoblin shouts!
Unknown command.
But you're not safe!
Unknown command.
But you're not safe!
Unknown command.
Found a scroll labelled NAYNLI ZENNUI.
The endoplasm quivers.
The bat hits you.
The rat twitches its whiskers.
Your line of fire to the bat is blocked by a granite statue.
Your line of fire to the bat is blocked by a granite statue.
Unknown command.
Your line of fire to the bat is blocked by a granite statue.
Unknown command.
Your line of fire to the bat is blocked by a granite statue.
Unknown command.
Your line of fire to the bat is blocked by a granite statue.
Unknown command.
Your line of fire to the bat is blocked by a granite statue.
Your line of fire to the bat is blocked by a granite statue.
Your line of fire to the bat is blocked by a granite statue.
Unknown command.
Your line of fire to the bat is blocked by a granite statue.
Unknown command.
Your line of fire to the bat is blocked by a granite statue.
Unknown command.
Your line of fire to the bat is blocked by a granite statue.
Unknown command.
Your line of fire to the bat is blocked by a granite statue.
Your line of fire to the bat is blocked by a granite statue.
Your line of fire to the bat is blocked by a granite statue.
Unknown command.
Your line of fire to the bat is blocked by a granite statue.
Unknown command.
Your line of fire to the bat is blocked by a granite statue.
Unknown command.
Your line of fire to the bat is blocked by a granite statue.
Unknown command.
But you're not safe!
Unknown command.
But you're not safe!
Unknown command.
But you're not safe!
Unknown command.
But you're not safe!
Unknown command.
But you're not safe!
Unknown command.
Your line of fire to the bat is blocked by a granite statue.
Your line of fire to the bat is blocked by a granite statue.
Your line of fire to the bat is blocked by a granite statue.
Unknown command.
Your line of fire to the bat is blocked by a granite statue.
Unknown command.
Your line of fire to the bat is blocked by a granite statue.
Unknown command.
Your line of fire to the bat is blocked by a granite statue.
Unknown command.
Your line of fire to the bat is blocked by a granite statue.
Your line of fire to the bat is blocked by a granite statue.
Your line of fire to the bat is blocked by a granite statue.
Unknown command.
Your line of fire to the bat is blocked by a granite statue.
Unknown command.
Your line of fire to the bat is blocked by a granite statue.
Unknown command.
Your line of fire to the bat is blocked by a granite statue.
Unknown command.
Your line of fire to the bat is blocked by a granite statue.
Your line of fire to the bat is blocked by a granite statue.
Your line of fire to the bat is blocked by a granite statue.
Unknown command.
Your line of fire to the bat is blocked by a granite statue.
Unknown command.
Your line of fire to the bat is blocked by a granite statue.
Unknown command.
Your line of fire to the bat is blocked by a granite statue.
Unknown command.
But you're not safe!
Unknown command.
But you're not safe!
Unknown command.
But you're not safe!
Unknown command.
But you're not safe!
Unknown command.
But you're not safe!
Unknown command.
Unknown command.
Unknown command.
Unknown command.
Unknown command.
Are you sure you want to abandon this character and quit the game? (Confirm with "yes".)

########################
##.#....##..............
.##...#....#....#.......
.#..#..#...#...#........
,
#..##.##...............
,
#..#...#..#..##....####
, ##.#.#..##...#....##
.#..#...#..#.....### , *
, .##......##.....@8b#
#.#..##...........g..+..
#...#..##.##........+r.
#..#...#..$......8.#$#J⌠
, .#.....*.#...#...#####
. * ...#$...###...##..*
* .#*....#....#...#. *
..#.. ,?. #... . , ,
######* * * ,


You could see an endoplasm, a hobgoblin, a bat and a rat.

Vanquished Creatures
  A bat (D:1)
1 creature vanquished.

Notes
Turn   | Place    | Note
-------+----------+-------------------------------------------
     0 | D:1      | sentinel the Meteoran Earth Elementalist began the quest
                  | for the Orb.
     0 | D:1      | Reached XP level 1. HP: 14/14 MP: 5/5
    57 | D:1      | Found a large runed translucent door.
    57 | D:1      | Found a large runed translucent door.
    59 | D:1      | Quit the game

Illustrated notes

Levels and vault maps discovered:
D:1:      erik_arrival_cave_to_civilisation [erik_arrival_cave_to_temple],
          layout_basic

Action                   || total
-------------------------++-------
 Cast: Sandblast         ||     1
